 Dungeon Crawl Stone Soup version 0.30.1-11-g7821555f0a (webtiles) character file.

Game seed: 18250881790905492212

2686 Ijustatesigmund the Thaumaturge (level 9, 0/49 HPs)
             Began as a Deep Elf Earth Elementalist on Dec 5, 2023.
             Slain by a vampire mosquito (2 damage)
             ... on level 6 of the Dungeon.
             The game lasted 00:13:37 (7501 turns).

Ijustatesigmund the Thaumaturge (DEEE)              Turns: 7501, Time: 00:13:37

Health: 0/49       AC:  9    Str:  5    XL:     9   Next: 38%
Magic:  4/24       EV: 14    Int: 25    God:
Gold:   326        SH:  0    Dex: 15    Spells: 22/26 levels left

rFire   + . .        g - staff of conjuration
rCold   + . .        (no shield)
rNeg    . . .        a - +0 robe
rPois   +            (no helmet)
rElec   +            (no cloak)
rCorr   +            j - +0 pair of gloves
SInv    .            q - +1 pair of boots
Will    .....        f - amulet of the acrobat
Stlth   ++           h - +4 ring of protection
HPRegen 0.28/turn    (no ring)
MPRegen 0.19/turn

%: acrobat
@: brilliant, resistant, attractive, invisible
A: no striking features
a: no special abilities


You were on level 6 of the Dungeon.
You visited 1 branch of the dungeon, and saw 7 of its levels.

You collected 326 gold pieces.

Inventory:

Hand Weapons
 c - a +0 short sword
Armour
 a - a +0 robe (worn)
 j - a +0 pair of gloves (worn)
 q - a +1 pair of boots (worn)
Magical Staves
 g - a staff of conjuration (weapon)
Jewellery
 f - an amulet of the acrobat (around neck)
 h - a +4 ring of protection (left hand)
 m - a ring of fire
Wands
 A - a wand of polymorph (11)
 B - a wand of acid (1)
Scrolls
 e - 3 scrolls of teleportation
 i - 2 scrolls of noise
 l - a scroll of magic mapping
 p - 3 scrolls of enchant armour
 r - 4 scrolls of identify
 w - a scroll of fog {unknown}
 y - a scroll of poison {unknown}
Potions
 b - 2 potions of magic
 d - 2 potions of brilliance
 k - 2 potions of flight
 n - a potion of curing {unknown}
 s - a potion of degeneration {unknown}
 u - 2 potions of lignification
 x - a potion of attraction


   Skills:
 - Level 2.8 Fighting
 + Level 3.6 Staves
 + Level 5.2 Dodging
 - Level 2.4 Stealth
 + Level 9.3 Spellcasting
 + Level 8.0 Conjurations
 - Level 1.1 Transmutations
 + Level 5.9 Earth Magic


You had 22 spell levels left.
You knew the following spells:

 Your Spells              Type           Power      Damage    Failure   Level
a - Sandblast             Erth           100%       2d20      1%          1
b - Stone Arrow           Conj/Erth      100%       3d13      1%          3

Your spell library contained the following spells:

 Spells                   Type           Power      Damage    Failure   Level
 Kiss of Death            Conj/Necr      100%       2d13      1%          1
 Passwall                 Tmut/Erth      36%        N/A       1%          2
 Mephitic Cloud           Conj/Pois/Air  54%        N/A       5%          3
 Ensorcelled Hibernation  Hex/Ice        34%        N/A       8%          2
 Poisonous Vapours        Pois/Air       34%        N/A       8%          2
 Petrify                  Tmut/Erth      44%        N/A       12%         4
 Confusing Touch          Hex            17%        N/A       16%         3
 Swiftness                Air            17%        N/A       16%         3
 Freezing Cloud           Conj/Ice/Air   27%        6-21      43%         5
 Dispel Undead            Necr           17%        3d10      45%         4


Dungeon Overview and Level Annotations

Branches:
Dungeon (7/15)
 Temple: D:4-7

Altars:
Dithmenos
Makhleb
Ru
Trog
Wu Jian
Zin


Message History

Aim: a vampire mosquito (moderately damaged, 63% to hit)
You feel a strong surge of power!
The stone arrow hits the vampire mosquito!!
You destroy the vampire mosquito!
The vampire mosquito barely misses you.
The vampire mosquito bites you but does no damage. x3
Your Conjurations skill increases to level 8!
Casting: Stone Arrow (safe; 1% risk of failure)
Confirm with . or Enter, or press ? or * to list all spells.
Aiming: Stone Arrow (safe; 1% risk of failure)
Press: ? - help, Shift-Dir - straight line, f - vampire mosquito
Aim: a vampire mosquito (63% to hit)
You feel a strong surge of power!
The stone arrow hits the vampire mosquito!!
The vampire mosquito is severely damaged.
The vampire mosquito bites you but does no damage. x2
The vampire mosquito bites you.
* * * LOW HITPOINT WARNING * * *
The vampire mosquito draws strength from your injuries!
The vampire mosquito bites you but does no damage.
It was a potion of invisibility.
You fade into invisibility!
The vampire mosquito bites you but does no damage.
The vampire mosquito bites you.
* * * LOW HITPOINT WARNING * * *
The vampire mosquito draws strength from your injuries!
The vampire mosquito bites you but does no damage. x2
Casting: Stone Arrow (safe; 1% risk of failure)
Confirm with . or Enter, or press ? or * to list all spells.
Aiming: Stone Arrow (safe; 1% risk of failure)
Press: ? - help, Shift-Dir - straight line, f/p - vampire mosquito
Aim: a vampire mosquito (severely damaged, unable to see you, 63% to hit)
You feel a strong surge of power!
The stone arrow hits the vampire mosquito!!
You destroy the vampire mosquito!
You feel less wooden.
Your +0 pair of gloves unmelds from your body.
Your +1 pair of boots unmelds from your body.
Your +0 robe unmelds from your body.
The vampire mosquito bites you.
You die...

.......# #.......#
###..#######.......#
###..###...#.......#
...................#
...................#
.(.........##......#
...........##......#
............#......#####
##...##.....#...@......#
#######....##..y.).###.#
##...###########)'## #.#
.....#.....# ♣..♣ #.#
.....#.....## ♣..♣ #.#
.....#......#♣♣♣♣.♣♣♣#.#
#######....†+..♣.♣..[+.#
##)<######+.+...♣.♣..+.#
....)......##♣♣♣.♣♣♣♣###


You could see a vampire mosquito (unable to see you).

Vanquished Creatures
  A two-headed ogre (D:6)
  Pikel (D:4)
  2 vampire mosquitoes (D:6)
  A sky beast (D:6)
  2 ice beasts
  3 black bears
  An ogre (D:5)
  A centaur (D:6)
  A lemure (D:4)
  A bullfrog (D:6)
  A scorpion (D:5)
  2 howler monkeys
  4 hounds
  A jelly (D:6)
  A gnoll bouda (D:5)
  3 orc priests (D:6)
  A sleepcap (D:4)
  Natasha (D:2)
  An iguana (D:6)
  An orc wizard (D:3)
  9 gnolls
  6 adders
  A white imp (D:5)
  An ufetubus (D:6)
  2 worms
  4 dart slugs
  10 orcs
  6 endoplasms
  6 giant cockroaches
  5 goblins
  6 hobgoblins
  11 jackals
  3 kobolds
  5 quokkas
  5 ball pythons
  3 frilled lizards
  2 rats
115 creatures vanquished.

Notes
Turn   | Place    | Note
-------+----------+-------------------------------------------
     0 | D:1      | Ijustatesigmund the Deep Elf Earth Elementalist began the
                  | quest for the Orb.
     0 | D:1      | Reached XP level 1. HP: 10/10 MP: 6/6
   208 | D:1      | Reached XP level 2. HP: 15/15 MP: 6/8
   795 | D:2      | Found a burning altar of Makhleb.
   820 | D:2      | Reached skill level 4 in Spellcasting
   849 | D:2      | Noticed Natasha
   865 | D:1      | Reached XP level 3. HP: 12/19 MP: 6/10
   999 | D:1      | Learned a level 3 spell: Stone Arrow
  1003 | D:2      | Killed Natasha
  1004 | D:2      | Reached skill level 1 in Conjurations
  1333 | D:2      | Reached skill level 1 in Fighting
  1432 | D:2      | Reached XP level 4. HP: 25/25 MP: 8/12
  2711 | D:3      | Reached XP level 5. HP: 25/30 MP: 10/13
  2760 | D:3      | Found a sacrificial altar of Ru.
  2874 | D:3      | Found a faded altar of an unknown god.
  3840 | D:4      | Reached XP level 6. HP: 36/36 MP: 11/14
  4243 | D:5      | Entered Level 5 of the Dungeon
  4274 | D:5      | Found a shadowy altar of Dithmenos.
  4298 | D:5      | Reached skill level 5 in Spellcasting
  4511 | D:6      | Reached XP level 7. HP: 39/40 MP: 10/17
  4777 | D:6      | Reached skill level 5 in Conjurations
  4926 | D:5      | Identified the +4 battleaxe of Agiodic {elec, rF- Int+3
                  | SInv}
  4985 | D:5      | Noticed Pikel
  5040 | D:4      | Reached skill level 6 in Spellcasting
  5205 | D:4      | Killed Pikel
  5206 | D:4      | Reached skill level 7 in Spellcasting
  5206 | D:4      | Reached XP level 8. HP: 26/45 MP: 9/21
  5559 | D:5      | Reached skill level 8 in Spellcasting
  5696 | D:5      | Reached skill level 1 in Staves
  5894 | D:5      | You fall into a shaft and drop 1 floor!
  6425 | D:5      | Found a bloodstained altar of Trog.
  6426 | D:5      | Found an ornate altar of the Wu Jian Council.
  6525 | D:6      | Reached skill level 5 in Earth Magic
  7059 | D:6      | Noticed a two-headed ogre
  7062 | D:6      | Killed a two-headed ogre
  7063 | D:6      | Reached skill level 9 in Spellcasting
  7063 | D:6      | Reached XP level 9. HP: 49/49 MP: 13/24
  7259 | D:6      | Found a glowing silver altar of Zin.
  7259 | D:6      | Found a burning altar of Makhleb.
  7260 | D:6      | Noticed a green death
  7260 | D:6      | Noticed an angel
  7475 | D:6      | Reached skill level 5 in Dodging
  7496 | D:6      | HP: 3/73 [vampire mosquito (1)]
  7501 | D:6      | Slain by a vampire mosquito

Illustrated notes

Levels and vault maps discovered:
D:1:      roderic_crop_circles_arrival_small, layout_basic
D:2:      layout_loops_cross, basic_altar, chequers_serial_rivers_micro_b,
          uniq_natasha
D:3:      layout_basic, old_standard_altar, hellmonk_ecumenical_altar_dog_temple
D:4:      layout_loops_ring
D:5:      layout_basic, gammafunk_temple_overflow_statue,
          mainiacjoe_overflow_cross_hatched, uniq_pikel
D:6:      layout_gridville, grunt_temple_overflow_order_and_chaos_2,
          kennysheep_generic_room_4
D:7:      nicolae_cairo_tiling_very_big, layout_cave_pools, fedhas_altar_2,
          minmay_temple_entry_trees, serial_shops, shop, grunt_ministairs_7

Skill      XL: |  1  2  3  4  5  6  7  8  9 |
---------------+----------------------------+-----
Spellcasting   | 4 5 7 9 |  9.3
Earth Magic    | 4 5 |  5.9
Conjurations   | 1 2 3 4 6 7 8 |  8.0
Fighting       | 1 2 |  2.8
Staves         | 3 |  3.6
Dodging        | 4 5 |  5.2
Stealth        | |  2.4
Transmutations | |  1.1

Action                     |  1- 3 |  4- 6 |  7- 9 || total
---------------------------+-------+-------+-------++-------
  Melee: Unarmed           |     1 |       |       ||     1
         Staff             |       |    19 |       ||    19
         Punch             |       |     1 |       ||     1
   Cast: Sandblast         |    44 |   107 |    15 ||   166
         Stone Arrow       |       |     1 |    54 ||    55
    Use: Potion            |       |       |     7 ||     7
         Scroll            |       |       |     6 ||     6
 Armour: Robe              |     4 |    31 |    24 ||    59
         Skin              |       |       |    65 ||    65
  Dodge: Dodged            |    13 |    79 |    56 ||   148
